 Dungeon Crawl Stone Soup version 0.21.0-3-g78d12a8 (webtiles) character file.

210 MTVSty1e the Chopper (level 5, 0/63 HPs)
             Began as a Minotaur Gladiator on Jan 15, 2018.
             Slain by an orc
             ... wielding a +1 dagger of electrocution
              (13 damage)
             ... on level 4 of the Dungeon.
             The game lasted 00:02:16 (1860 turns).

MTVSty1e the Chopper (Minotaur Gladiator)           Turns: 1860, Time: 00:02:18

Health: 0/63       AC: 22    Str: 20    XL:     5   Next: 57%
Magic:  4/4        EV:  2    Int:  5    God:
Gold:   211        SH:  0    Dex: 11    Spells: 4/4 levels left

rFire    . . .     SeeInvis .   a - +0 war axe
rCold    . . .     Gourm    .   (no shield)
rNeg     + + +     Faith    .   (armour currently unavailable)
rPois    +         Spirit   .   (helmet currently unavailable)
rElec    .         Reflect  .   (cloak currently unavailable)
rCorr    .         Harm     .   (gloves currently unavailable)
MR       .....     NoTele   +   (boots currently unavailable)
Stlth    +.........             (no amulet)
HPRegen  0.20/turn              (no ring)
MPRegen  0.09/turn              (no ring)

@: tree-form, slowed, very slow
A: (retaliatory headbutt)
a: no special abilities


You were on level 4 of the Dungeon.
You were not hungry.
You were a tree.
You visited 1 branch of the dungeon, and saw 4 of its levels.

You collected 211 gold pieces.

Inventory:

Hand Weapons
 a - a +0 war axe (weapon)
Missiles
 d - 3 throwing nets (quivered)
Armour
 c - a +0 hat (melded)
 k - a +0 scale mail
 n - a +0 chain mail (melded)
Scrolls
 e - 5 scrolls of remove curse {unknown}
 h - 4 scrolls of immolation {unknown}
 j - a scroll of fog {unknown}
 l - a scroll of magic mapping {unknown}
 s - 2 scrolls of teleportation {unknown}
 t - a scroll of identify {unknown}
 u - a scroll of enchant armour {unknown}
Potions
 b - 3 potions of heal wounds {unknown}
 g - a potion of berserk rage {unknown}
 i - a potion of lignification
 m - a potion of curing {unknown}
 o - a potion of magic {unknown}
 p - 2 potions of flight {unknown}
 r - a potion of agility {unknown}
Books
 q - a book of Cantrips

   Spells                             Type                      Level
   a - Confusing Touch                Hexes                        1
   b - Animate Skeleton               Necromancy                   1
   c - Summon Small Mammal            Summoning                    1
   d - Apportation                    Translocation                1
Comestibles
 f - 7 rations
 v - a chunk of flesh


   Skills:
 - Level 2.4 Fighting
 + Level 7.7 Axes
 - Level 2.0 Throwing
 - Level 3.2 Dodging


You had 4 spell levels left.
You didn't know any spells.

Dungeon Overview and Level Annotations

Branches:
Dungeon (4/15)
 Temple: D:4-7

Altars:
Gozag
Ru

Annotations:
D:4 Blork the orc


Innate Abilities, Weirdness & Mutations

((You reflexively headbutt those who attack you in melee.))
((You have a pair of horns on your head.))


Message History

You closely miss the orc. You hit Blork the orc.
Blork the orc casts a spell at you. The magic dart hits you!
The orc hits you with a dagger of electrocution.
Blork the orc hits you with a vampiric trident.
* * * LOW HITPOINT WARNING * * *
Blork the orc draws strength from your wounds!
It was a potion of lignification.
You turn into a tree.
Your +0 hat melds into your body.
Your +0 chain mail melds into your body.
Your roots penetrate the ground.
The orc hits you but does no damage.
Blork the orc gestures at you while chanting.
The puff of flame hits you! The orc hits you but does no damage.
You hit Blork the orc but do no damage. You barely miss the orc.
Blork the orc hits you but does no damage.
The orc hits you but does no damage. Blork the orc casts a spell at you.
The puff of frost hits you! The orc hits you but does no damage.
You are electrocuted!
You die...

≈≈≈≈≈≈≈≈≈......<....
≈≈≈≈≈≈PP♣.....#####
≈≈≈≈≈≈≈≈♣...#.##
≈≈≈≈≈≈♣♣P......#
≈≈≈≈≈P≈PP†..#..#
≈≈≈≈≈≈≈♣≈(..#?.##
≈≈≈♣≈≈♣...#..[### ≈≈
P≈♣≈#####..).# # ≈
≈≈≈♣# ###♣.##.## P≈♣
#####oo....# ≈≈
#....†.##%..#
....<..†..# #.#
............# #
......?.....#
>.........?...
...........#.?.
...........##.#


You could see Blork the orc and an orc.

Vanquished Creatures
  A howler monkey (D:4)
  An orc wizard (D:4)
  Terence (D:3)
  Natasha (D:4)
  2 adders
  An ooze (D:2)
  A worm (D:3)
  A dart slug (D:1)
  2 leopard geckos
  3 orcs (D:4)
  4 ball pythons
  4 giant cockroaches
  9 goblins
  3 hobgoblins
  11 jackals
  A quokka (D:2)
  3 bats (D:2)
  5 frilled lizards
  3 kobolds
  6 rats (D:2)
63 creatures vanquished.

Notes
Turn   | Place    | Note
-------+----------+-------------------------------------------
     0 | D:1      | MTVSty1e the Minotaur Gladiator began the quest for the Orb.
     0 | D:1      | Reached XP level 1. HP: 18/18 MP: 0/0
    31 | D:1      | Reached skill level 4 in Axes
   213 | D:1      | Reached XP level 2. HP: 19/25 MP: 1/1
   573 | D:2      | Reached skill level 5 in Axes
   619 | D:2      | Reached XP level 3. HP: 27/30 MP: 2/2
   763 | D:2      | Found a sacrificial altar of Ru.
  1200 | D:3      | Reached XP level 4. HP: 34/37 MP: 3/3
  1238 | D:3      | Reached skill level 6 in Axes
  1246 | D:3      | Noticed Terence
  1257 | D:3      | Killed Terence
  1741 | D:3      | Found an opulent altar of Gozag.
  1822 | D:4      | Noticed Natasha
  1830 | D:4      | Killed Natasha
  1830 | D:4      | Reached XP level 5. HP: 31/42 MP: 4/4
  1843 | D:4      | Reached skill level 7 in Axes
  1853 | D:4      | Noticed Blork the orc
  1860 | D:4      | Slain by an orc

Skill      XL: |  1  2  3  4  5 |
---------------+----------------+-----
Axes           | 4 5 6 7 |  7.7
Fighting       | |  2.4
Throwing       | |  2.0
Dodging        | |  3.2

Action                   |  1- 3 |  4- 6 || total
-------------------------+-------+-------++-------
Melee: War axe           |    81 |    46 ||   127
       Headbutt          |     7 |    11 ||    18
  Use: Potion            |       |     1 ||     1
  Eat: Chunk             |       |     3 ||     3
Armor: Leather armour    |     4 |       ||     4
       Chain mail        |    10 |    16 ||    26
       Scale mail        |     8 |       ||     8
       Skin              |       |     7 ||     7
Dodge: Dodged            |    46 |    29 ||    75
